[Event "Italian-ch Semifinal 2022"]
[Site "Acqui Terme"]
[Date "2022.06.15"]
[Round "2.10"]
[White "Albanesi, Roberto"]
[Black "Franciosi, Fausto"]
[Result "0-1"]
[ECO "C41"]
[WhiteElo "1849"]
[BlackElo "2204"]
[Annotator "TA"]
[PlyCount "126"]
[EventDate "2022.06.15"]
[EventType "swiss"]
[EventCountry "ITA"]
[SourceTitle "playchess.com"]
[Source "ChessBase"]
[SourceQuality "1"]
[TimeControl "40/5400+30:1800+30"]

1. e4 d6 2. d4 Nf6 3. Nc3 e5 4. Nf3 Nbd7 5. Rg1 g6 6. Bg5 {[%emt 0:11:04] [#] C41: Philidor Defence.} h6 $146 ({Predecessor:} 6... Bg7 7. Qd2 c6 8. O-O-O Qc7 9. g4 b5 10. dxe5 dxe5 11. Bxb5 cxb5 12. Nxb5 Qc6 {1-0 (39) Kiili,M (2197)-Suuronen,P (1960) Espoo 2009}) 7. Bd2 Bg7 8. dxe5 {[%emt 0:00:00] The position is equal.} dxe5 9. Bc4 O-O 10. Qe2 c6 11. O-O-O (11. a4 $11) 11... b5 $17 12. Bb3 (12. Bd3 $17 {might work better.}) 12... Qe7 (12... a5 $1 $19 {aiming for ...a4.} 13. a3 Qe7) 13. g4 Nc5 14. g5 hxg5 15. Bxg5 a5 $1 16. a3 $2 (16. Qe3 $1 $15) 16... Nxb3+ 17. cxb3 b4 18. axb4 axb4 (18... Be6 $1 $19 19. b5 (19. Nxe5 $2 axb4 20. Nxc6 Qc5 $19) 19... Bxb3) 19. Na4 Ba6 (19... Be6 $142 20. Nd2 Rfd8) 20. Qc2 (20. Qe3 $17) 20... Bb5 21. Be3 (21. Kb1 $142) 21... Nd7 22. Kb1 Rfb8 23. Rd2 (23. Nh4 $142) 23... Bf8 $2 (23... c5 $19 {has better winning chances.} 24. Rd5 Bc6) 24. Rgd1 $2 (24. h4 $17 Nf6 25. Bc5) 24... c5 $19 25. Rd6 {[%emt 0:00:00] Prevents Qf6.} (25. Rd5 $142 Qf6 26. Ng5 Bxa4 27. Rxd7 (27. bxa4 $2 b3 $19) 27... Bxd7 28. Rxd7) 25... Qxd6 $2 (25... c4 {...cxb3 is the strong threat.} 26. Rxd7 Bxd7 27. Qxc4 Bb5) 26. Rxd6 Bxd6 27. Qd1 (27. Nd2 {is the only way for White.}) 27... Ra6 28. Ng5 Nf6 {[%emt 0:02:34] Inhibits Qd5.} (28... Rf8 $19 {and Black stays clearly on top. White must now prevent ...Be7.} 29. Qd5 Rc6) 29. Nxc5 $2 (29. Bxc5 $17 {was the crucial defense.} Bxc5 30. Nxc5) 29... Rc6 $2 ({Black should try} 29... Bxc5 $19 30. Bxc5 Rba8) 30. Na4 $2 (30. Nd7 $1 $11 {and White is okay.} Nxd7 31. Qd5 Bd3+ 32. Qxd3) 30... Bf8 (30... Rd8 $19 {Hoping for ...Be7.} 31. Ka2 Be7) 31. h4 $2 (31. Ka2 $17) 31... Rb7 32. Qf3 $2 ({Don't play} 32. Qd8 Rd7 33. Qa8 Rd1+ 34. Ka2 Bd3 $1 35. Qxc6 (35. Nc3 $2 bxc3 36. Qxc6 Bb1+ 37. Ka1 Bxe4+ 38. Ka2 Bb1+ 39. Ka1 Be4+ 40. Ka2 Bxc6 $19) 35... Bb1+ 36. Ka1 Bxe4+ 37. Qc1 Rxc1+ 38. Bxc1 Bd5 $19) (32. Ka2 Rd7 33. Qe1) 32... Bd3+ 33. Ka2 Bb5 $2 (33... Rd7 $19 34. h5 Bc2) 34. h5 $2 (34. Kb1 $1 $11) 34... Nxh5 35. Qh3 Bxa4 36. bxa4 b3+ 37. Kb1 Rd6 $1 38. Qf3 {[%emt 0:00:22] Against Rd1+} (38. Bc1 Rd1 39. Qf3 (39. Qc8 $2 Rbd7 $19)) 38... Ra6 $2 (38... Rbd7 39. Kc1 Nf6) 39. Qd1 Rxa4 40. Qd5 {[%emt 0:00:00] [#]} Rab4 41. Qxe5 {[%emt 0:05:23] [#]} (41. Qc6 $142) 41... Rd7 $1 42. Qe8 $2 (42. Qc3) 42... Rd1+ (42... Nf6 $142 43. Qxd7 Nxd7) 43. Bc1 {[%emt 0:00:09][%mdl 1024] White has strong compensation.} Rb7 44. Qc6 {[%emt 0:07:06] Prevents Rc7.} Rbd7 45. e5 Bh6 $2 (45... Nf4 $1 $19 {[%cal Rf4d3] ( -> ...Nd3!)} 46. e6 Nxe6 47. Nxe6 R7d6) 46. e6 $11 fxe6 47. Qxe6+ Kg7 {[%emt 0:00:19] Chess con chili.} 48. Qe5+ Nf6 {[%emt 0:00:27] And now ...Bxg5 would win.} 49. Ne6+ {[%emt 0:01:05][%mdl 8192] Black continues to play with concentration.} (49. f4 $11) 49... Kf7 $19 50. f4 Re7 51. Qe2 Rxc1+ 52. Kxc1 Rxe6 53. Qc4 (53. Qf3 $142) 53... Nh5 54. Qxb3 Bxf4+ 55. Kb1 Be3 56. Qd5 Nf4 57. Qh1 (57. Qd8 {was called for.}) 57... g5 58. Qh7+ (58. Qd1) 58... Kf6 59. Qh8+ Kf5 60. Qh7+ (60. Qf8+ $142 Kg4 61. Qd8) 60... Kg4 61. Qd7 Kg3 {[%emt 0:00:35] Threatens to win with ...g4.} 62. Qg7 g4 63. Qd7 Kf2 {[%emt 0:00:44] Weighted Error Value: White=1.45/Black=0.68} 0-1